 Dungeon Crawl Stone Soup version 0.27-a0-1365-ge71e8f7681 (webtiles) character file.

Game seed: 2864528084120705567

156 Ijustatesigmund the Skirmisher (level 5, -1/37 HPs)
             Began as an Octopode Fighter on June 28, 2021.
             Splashed by a jelly's acid (5 damage)
             ... on level 3 of the Dungeon.
             The game lasted 00:03:19 (3099 turns).

Ijustatesigmund the Skirmisher (Octopode Fighter)   Turns: 3099, Time: 00:03:19

Health: -1/37      AC: -3    Str: 15    XL:     5   Next: 38%
Magic:  5/5        EV: 12    Int: 10    God:
Gold:   41         SH:  9    Dex: 13    Spells: 3/4 levels left

rFire    . . .     SeeInvis .   a - +0 war axe
rCold    . . .     Faith    .   b - +0 kite shield
rNeg     . . .     Spirit   .   (helmet restricted)
rPois    .         Reflect  .   (no amulet)
rElec    .         Harm     .   (no ring)
rCorr    .         Rampage  .   (no ring)
Will     .....                  (no ring)
Stlth    ++........             (no ring)
HPRegen  0.12/turn              (no ring)
MPRegen  0.09/turn              (no ring)
                                (no ring)
                                (no ring)

@: mighty, corroded
A: almost no armour, amphibious, 8 rings, camouflage 1, gelatinous body 1,
(nimble swimmer 1), tentacles
a: no special abilities


You were on level 3 of the Dungeon.
You visited 1 branch of the dungeon, and saw 3 of its levels.

You collected 83 gold pieces.
You spent 42 gold pieces at shops.

Inventory:

Hand Weapons
 a - a +0 war axe (weapon)
 d - a +0 flail of holy wrath
Armour
 b - a +0 kite shield (worn)
Scrolls
 h - a scroll of blinking
Potions
 e - a potion of lignification {unknown}
 g - a potion of haste {unknown}


   Skills:
 + Level 3.7 Fighting
 * Level 3.7 Axes
 + Level 3.7 Dodging
 + Level 3.7 Shields


You had 3 spell levels left.
You knew the following spells:

 Your Spells              Type           Power      Damage    Failure   Level
a - Magic Dart            Conj           0%         1d3       85%         1

Your spell library contained the following spells:

 Spells                   Type           Power      Damage    Failure   Level
 Searing Ray              Conj           0%         3d3       94%         2
 Dazzling Flash           Conj/Hex       0%         N/A       99%         3
 Fulminant Prism          Conj/Hex       0%         3d6       100%        4
 Iskenderun's Mystic Bla  Conj/Tloc      0%         2d3       100%        4


Dungeon Overview and Level Annotations

Branches:
Dungeon (3/15)

Altars:

Shops:
D:2 !


Innate Abilities, Weirdness & Mutations

You cannot wear most types of armour.
You are amphibious.
You can wear up to eight rings at the same time.
Your skin changes colour to match your surroundings (Stealth+).
Your rubbery body absorbs attacks. (AC +1, EV +1)
((You are camouflaged near water. (Stealth+)))
You have tentacles for arms and can constrict up to eight enemies at once.


Message History

No target in view!
No target in view!
No target in view!
You see here a quokka corpse.
A jelly comes into view.
Found a scroll labelled TATOAZ FEOJUS.
A jelly is nearby!
A quokka comes into view.
The quokka misses you. The quokka bites you.
You closely miss the quokka. Your grab misses the quokka.
The jelly quivers.
You block the quokka's attack.
You slash the jelly!
Your tentacles burn!
Your squeeze misses the jelly.
The jelly is moderately wounded.
You hit the quokka. The quokka completely misses you.
The jelly closely misses you. You block the quokka's attack.
You hit the jelly but do no damage.
Your tentacles burn!
The jelly is moderately wounded.
You barely miss the quokka. The quokka bites you. The jelly barely misses you.
The quokka bites you but does no damage.
The jelly hits you but does no damage.
Your shield prevents you from hitting the jelly.
The jelly is moderately wounded.
You slash the quokka!
You kill the quokka!
The jelly hits you.
You are splashed with acid!
You barely miss the jelly. You squeeze the jelly.
The jelly is heavily wounded.
The jelly hits you.
You are splashed with acid!
The jelly hits you. The acid corrodes you!
You are splashed with acid.
* * * LOW HITPOINT WARNING * * *
You are too injured to fight recklessly!
You are too injured to fight recklessly!
You are too injured to fight recklessly!
You are too injured to fight recklessly!
You feel very mighty all of a sudden. The jelly hits you.
* * * LOW HITPOINT WARNING * * *
You are splashed with acid.
You die...

....#
#.##...#.#........
....#
#.#..>.#.+........
....#
#+#.##+###........
....#
........#........
....#
.........#........
....#
.........#†.......
..(.#
#.........#........
....#
.......#........
....#
.......@........
....#
####...J......##
...... +...>......#
###### #..........#
#..........#
#....?.....#
#..........#
#..........#


You could see a jelly.

Vanquished Creatures
  2 orc wizards
  3 gnolls
  2 adders
  A worm (D:2)
  3 orcs (D:3)
  2 bats (D:1)
  7 endoplasms
  2 giant cockroaches (D:2)
  4 goblins
  2 hobgoblins (D:1)
  7 jackals (D:2)
  7 kobolds
  4 quokkas
  3 ball pythons (D:2)
  2 frilled lizards (D:1)
  3 rats
54 creatures vanquished.

Notes
Turn   | Place    | Note
-------+----------+-------------------------------------------
     0 | D:1      | Ijustatesigmund the Octopode Fighter began the quest for
                  | the Orb.
     0 | D:1      | Reached XP level 1. HP: 16/16 MP: 1/1
   157 | D:1      | Found a faded altar of an unknown god.
   328 | D:1      | Reached XP level 2. HP: 21/21 MP: 2/2
  1245 | D:2      | Reached XP level 3. HP: 12/26 MP: 3/3
  1955 | D:2      | Reached XP level 4. HP: 31/31 MP: 4/4
  2068 | D:2      | Found Cexzimog's Distillery.
  2101 | D:2      | Bought a potion of curing for 42 gold pieces
  2775 | D:3      | Reached XP level 5. HP: 33/37 MP: 5/5
  3069 | D:3      | Learned a level 1 spell: Magic Dart
  3099 | D:3      | Splashed by a jelly's acid

Illustrated notes

Levels and vault maps discovered:
D:1:      nzn_arrival_depleted_hourglass, layout_loops_ring,
          hellmonk_ecumenical_altar_run_dry, serial_bayou_ford_a,
          serial_bayou_pond_e, minmay_misc_feat_encased
D:2:      layout_rooms, serial_shops, shop
D:3:      layout_basic, uniq_crazy_yiuf_cottage

Skill      XL: |  1  2  3 |
---------------+----------+-----
Axes           | 3 |  3.7
Fighting       | |  3.7
Dodging        | |  3.7
Shields        | |  3.7

Action                   |  1- 3 |  4- 6 || total
-------------------------+-------+-------++-------
Melee: War axe           |    50 |    48 ||    98
       Constrict         |    17 |    11 ||    28
       Tentacles         |     8 |     7 ||    15
  Use: Scroll            |     2 |     1 ||     3
       Potion            |       |     2 ||     2
 Stab: Sleeping          |     2 |     3 ||     5
Armor: Skin              |     5 |     4 ||     9
Dodge: Dodged            |    21 |    23 ||    44
Block: Kite shield       |    27 |    15 ||    42

Table legend: (Time is in decaauts)
 A = Elapsed time spent in this place.
 B = Non-inter-level travel time spent in this place.
 C = Inter-level travel time spent in this place.
 D = Time resting spent in this place.
 E = Time spent auto-exploring this place.
 F = Levels seen in this place.
 G = Mean time per level.
                   A        B        C        D        E       F      G
               +--------+--------+--------+--------+--------+-----+--------+
         Total |   3164 |   3140 |     24 |   1358 |   1388 |   3 | 1054.7 |
       Dungeon |   3164 |   3140 |     24 |   1358 |   1388 |   3 | 1054.7 |
               +--------+--------+--------+--------+--------+-----+--------+

Top non-repeatable levels by time:
     D:1: 1557 daAuts
     D:2: 1232 daAuts
     D:3: 374 daAuts
